 Dungeon Crawl Stone Soup version 0.30-a0-176-gdd20fb75b6 (webtiles) character file.

Game seed: 6947360573120882249

142 Decritt7 the Trooper (level 5, 0/34 HPs)
             Began as a Gargoyle Fighter on Oct 2, 2022.
             Slain by Edmund
             ... wielding a +0 flail of protection
              (7 damage)
             ... on level 4 of the Dungeon.
             The game lasted 00:05:28 (2129 turns).

Decritt7 the Trooper (Gargoyle Fighter)             Turns: 2129, Time: 00:05:29

Health: 0/34       AC: 12    Str: 27    XL:     5   Next: 25%
Magic:  0/5        EV: 10    Int: 12    God:
Gold:   116        SH:  4    Dex:  9    Spells: 4/4 levels left

rFire   . . .      SeeInvis .    a - +0 flail
rCold   . . .      Faith    .    c - +0 buckler
rNeg    + . .      Spirit   +    b - +0 scale mail
rPois   ∞          Reflect  .    t - +0 helmet
rElec   +          Harm     .    (no cloak)
rCorr   .          Rampage  .    (no gloves)
Will    .....                    (no boots)
Stlth   ..........               v - amulet "Iteolighicw" {Spirit rElec Int+3}
HPRegen 0.25/turn                o - +6 ring of strength
MPRegen 0.09/turn                (no ring)

@: mighty
A: sickness immunity, AC +4, negative energy resistance 1, electricity
resistance, torment resistance 1, petrification resistance
a: no special abilities


You were on level 4 of the Dungeon.
You visited 1 branch of the dungeon, and saw 4 of its levels.

You collected 116 gold pieces.

Inventory:

Hand Weapons
 a - a +0 flail (weapon)
Armour
 b - a +0 scale mail (worn)
 c - a +0 buckler (worn)
 t - a +0 helmet (worn)
Jewellery
 f - a ring of fire
 l - a ring of positive energy
 o - a +6 ring of strength (left hand)
 v - the amulet "Iteolighicw" (around neck) {Spirit rElec Int+3}
   (You found it on level 3 of the Dungeon)

   [amulet of guardian spirit]

   It causes incoming damage to be divided between your reserves of health and
   magic.
   Int:       It affects your intelligence (+3).
   rElec:     It insulates you from electricity.
 y - an amulet of magic regeneration
Wands
 s - a wand of flame (18)
Scrolls
 g - 4 scrolls of identify {unknown}
 k - a scroll of blinking {unknown}
 m - a scroll of enchant armour {unknown}
 q - a scroll of fog {unknown}
 r - 3 scrolls of teleportation {unknown}
 w - a scroll of fear {unknown}
 x - 2 scrolls of noise {unknown}
 z - a scroll of amnesia {unknown}
Potions
 e - a potion of cancellation {unknown}
 h - 2 potions of curing {unknown}
 i - 4 potions of brilliance {unknown}
 j - a potion of invisibility {unknown}
 n - a potion of haste {unknown}
 p - 2 potions of heal wounds {unknown}
 u - a potion of degeneration {unknown}


   Skills:
 * Level 4.4 Fighting
 * Level 3.2 Maces & Flails
 + Level 3.8 Armour
 + Level 1.0 Dodging
 + Level 3.9 Shields


You had 4 spell levels left.
You didn't know any spells.
Your spell library was empty.

Dungeon Overview and Level Annotations

Branches:
Dungeon (4/15)
 Temple: D:4-7

Altars:
Hepliaklqana
Kikubaaqudgha
Qazlal

Shops:
D:1 (!=

Annotations:
D:4 Edmund


Innate Abilities, Weirdness & Mutations

You are immune to sickness and miasma.
Your stone body is resilient. (AC +4)
You are immune to poison.
You resist negative energy. (rN+)
You are resistant to electric shocks. (rElec)
You are resistant to unholy torment.
You are immune to petrification.


Message History

Edmund barely misses you.
You sock Edmund!
Edmund is moderately wounded.
Edmund hits you with a +0 flail of protection. x2
You closely miss Edmund.
Edmund is moderately wounded.
Edmund hits you with a +0 flail of protection.
* * * LOW HITPOINT WARNING * * *
You hit Edmund but do no damage.
Edmund is moderately wounded.
Edmund closely misses you.
You hit Edmund.
Edmund is heavily wounded.
Edmund hits you but does no damage. Edmund barely misses you.
You closely miss Edmund.
Edmund is heavily wounded.
Edmund misses you.
You feel very mighty all of a sudden. You block Edmund's attack.
You thump Edmund!
Edmund is severely wounded.
Edmund closely misses you.
You closely miss Edmund.
Edmund is severely wounded.
Edmund says, "People accused me of being a cutpurse!"
Edmund barely misses you.
You hit Edmund but do no damage.
Edmund is severely wounded.
Edmund hits you with a +0 flail of protection.
* * * LOW HITPOINT WARNING * * *
Edmund hits you with a +0 flail of protection!
* * * LOW HITPOINT WARNING * * *
You closely miss Edmund.
Edmund is severely wounded.
Edmund says, "People will remember me!
They'll remember me and die!"
Edmund barely misses you.
You hit Edmund.
Edmund is severely wounded.
Edmund hits you with a +0 flail of protection!
You die...

#.#. .... .. #.#.
##.... ..##...
...... .......
......##### #.....
........... #....#.#
#..... #
#..@.####....###.#
+..@.............#
#...#######..#####
#...#######<..#####
#...#.............#
#...#.#.......###.##
#...#..........†...#
##.####......####...
#.# #.....)#### #
######'##
#......'..#


You could see Edmund.

Vanquished Creatures
  An iguana (D:3)
  Robin (D:2)
  3 adders
  A worm (D:3)
  3 dart slugs
  5 endoplasms
  3 giant cockroaches
  8 hobgoblins
  6 jackals (D:3)
  2 quokkas (D:3)
  5 ball pythons
  7 bats
  2 frilled lizards (D:1)
  10 goblins
  4 kobolds
  7 rats
68 creatures vanquished.

Notes
Turn   | Place    | Note
-------+----------+-------------------------------------------
     0 | D:1      | Decritt7 the Gargoyle Fighter began the quest for the Orb.
     0 | D:1      | Reached XP level 1. HP: 14/14 MP: 1/1
    54 | D:1      | Found a faded altar of an unknown god.
   104 | D:1      | Reached XP level 2. HP: 19/19 MP: 2/2
   215 | D:1      | Found Sasu Est's Antique Weapon Shop.
   224 | D:1      | Found Bacacriz's Jewellery Shoppe.
   229 | D:1      | Found Naat's Distillery.
   559 | D:2      | Reached XP level 3. HP: 21/24 MP: 3/3
   911 | D:2      | Reached skill level 4 in Fighting
   913 | D:2      | Noticed Robin
   923 | D:2      | Killed Robin
   929 | D:2      | Reached XP level 4. HP: 8/29 MP: 4/4
  1103 | D:3      | Identified the amulet "Iteolighicw" {Spirit rElec Int+3}
  1157 | D:3      | Found a stormy altar of Qazlal.
  1653 | D:3      | Found a hazy altar of Hepliaklqana.
  1744 | D:3      | Reached skill level 1 in Dodging
  1744 | D:3      | Reached XP level 5. HP: 34/34 MP: 5/5
  1831 | D:3      | Found an ancient bone altar of Kikubaaqudgha.
  2105 | D:4      | Noticed Edmund
  2129 | D:4      | Slain by Edmund

Illustrated notes

Levels and vault maps discovered:
D:1:      lemuel_arrival_lava_pool, layout_rooms, ebering_ecumenical_altar_rust,
          serial_shops, nicolae_square_shop, nicolae_shop_stone,
          nicolae_shop_window_shopping
D:2:      layout_rooms, uniq_robin
D:3:      layout_basic, old_standard_altar, nicolae_hepliaklqana_hippocampus,
          marbit_many_paths
D:4:      layout_basic, gammafunk_temple_overflow_wave,
          nicolae_underground_beach, uniq_eustachio, uniq_edmund,
          uniq_blork_the_orc, uniq_grinder, uniq_ijyb, uniq_pikel

Skill      XL: |  1  2  3  4 |
---------------+-------------+-----
Fighting       | 4 |  4.4
Maces & Flails | 3 |  3.2
Dodging        | 1 |  1.0
Armour         | |  3.8
Shields        | |  3.9

Action                   |  1- 3 |  4- 6 || total
-------------------------+-------+-------++-------
Melee: Flail             |   111 |   127 ||   238
  Use: Potion            |       |     1 ||     1
Armor: Scale mail        |    73 |    87 ||   160
Dodge: Dodged            |    61 |    70 ||   131
Block: Buckler           |    35 |    35 ||    70

Table legend: (Time is in decaauts)
 A = Elapsed time spent in this place.
 B = Non-inter-level travel time spent in this place.
 C = Inter-level travel time spent in this place.
 D = Time resting spent in this place.
 E = Time spent auto-exploring this place.
 F = Levels seen in this place.
 G = Mean time per level.
                   A        B        C        D        E       F      G
               +--------+--------+--------+--------+--------+-----+--------+
         Total |   2201 |   2140 |     61 |     34 |   1534 |   4 |  550.2 |
       Dungeon |   2201 |   2140 |     61 |     34 |   1534 |   4 |  550.2 |
               +--------+--------+--------+--------+--------+-----+--------+

Top non-repeatable levels by time:
     D:3: 984 daAuts
     D:2: 574 daAuts
     D:1: 548 daAuts
     D:4: 93 daAuts
